Map: Cyber Forest LE

Players

Probe

  • Race: Protoss Protoss
  • Spawn Location: 5:00

Neeb - Winner!

  • Race: Protoss Protoss
  • Spawn Location: 11:00

Event: 2019 WCS Spring

VOD

Have the link to the VOD?

Description

Time

  • Played on: May 18, 2019, 1:06 p.m.
  • Length: 8:55

All games in this series

Show
View Real Time Build Order
Export as new Build Order

Probe Protoss 

Build Orders: Phoenix Opening, Blink Stalkers 

Get SALT Encoding   

  12  0:00  Probe  
  13  0:13  Probe  
  14  0:17  Pylon  
  14  0:24  Probe  
  15  0:33  Probe  
  15  0:38  Gateway  
  15  0:41  Probe  
  16  0:46  Assimilator  
  17  0:51  Probe  
  17  0:55  Assimilator  
  18  0:59  Probe  
  19  1:07  Probe, Gateway  
  19  1:17  Probe  
  20  1:25  Cybernetics Core  
  21  1:29  Probe  
  22  1:34  Pylon  
  22  1:41  Probe  
  23  1:54  Probe  
  24  2:01  Stalker  
  24  2:02  Warp Gate, Sentry  
  24  2:06  Probe  
  29  2:11  Pylon  
  29  2:18  Probe  
  30  2:30  Probe  
  35  2:40  Phoenix, Stalker x2  
  35  2:42  Probe  
  35  2:44  Twilight Council  
  35  3:00  Shield Battery  
  35  3:03  Blink  
  35  3:13  Stalker x2  
  39  3:28  Shield Battery  
  39  3:37  Nexus  
  39  4:03  Pylon  
  39  4:04  Shield Battery  
  39  4:09  Forge  
  39  4:21  Probe  
  39  4:22  Stalker, Gateway  
  42  4:29  Stalker, Phoenix  
  44  4:33  Probe  
  44  4:38  Protoss Ground Weapons Level 1  
  44  4:46  Probe  
  44  4:50  Robotics Facility  
  44  4:51  Stalker  
  47  4:56  Probe  
  47  4:58  Probe  
  47  4:59  Stalker  
  51  5:08  Probe  
  51  5:10  Probe  
  53  5:20  Probe  
  53  5:21  Pylon  
  54  5:22  Probe  
  55  5:33  Probe  
  55  5:34  Probe  
  57  5:41  Nexus, Probe  
  57  5:42  Probe  
  57  5:44  Observer  
  57  5:49  Probe  
  60  5:50  Probe  
  62  5:57  Pylon  
  62  5:59  Probe  
  62  6:00  Probe  
  64  6:06  Assimilator  
  64  6:07  Charge  
  64  6:13  Gateway  
  64  6:16  Gateway x2  
  64  6:21  Warp Prism  
  64  6:24  Gateway  
  64  6:28  Observer  
  64  6:29  Gateway  
  66  6:39  Observer  
  66  6:49  Pylon  
  66  6:56  Stalker x3  
  72  7:11  Shield Battery  
  72  7:21  Zealot x7  
  82  7:38  Probe x3  
  82  7:43  Zealot x5  
  95  7:49  Pylon  
  94  8:02  Pylon  
  94  8:03  Templar Archives  
  94  8:04  Pylon  
  94  8:06  Observer  
  82  8:25  Observer  
  79  8:28  Zealot x4  
Show
View Real Time Build Order
Export as new Build Order

Neeb Protoss - Winner!

Build Orders: Chargelot Immortal 

Get SALT Encoding   

  12  0:00  Probe  
  13  0:12  Probe  
  14  0:17  Pylon  
  14  0:24  Probe  
  15  0:32  Probe  
  15  0:37  Gateway  
  15  0:40  Probe  
  16  0:45  Assimilator  
  17  0:51  Probe  
  17  0:53  Assimilator  
  18  0:59  Probe  
  19  1:07  Probe  
  19  1:08  Gateway  
  19  1:17  Probe  
  20  1:24  Cybernetics Core  
  21  1:29  Probe  
  22  1:34  Pylon  
  22  1:41  Probe  
  23  1:51  Warp Gate  
  23  1:53  Probe  
  24  2:01  Adept x2  
  26  2:05  Probe  
  29  2:11  Pylon  
  29  2:31  Adept x2  
  33  2:47  Nexus  
  33  3:01  Adept x2  
  33  3:05  Shield Battery  
  37  3:17  Robotics Facility  
  37  3:19  Probe  
  38  3:26  Pylon  
  38  3:36  Shield Battery  
  38  3:42  Probe  
  38  3:45  Sentry x2  
  43  3:54  Probe  
  42  4:05  Probe x2  
  42  4:08  Observer, Stalker  
  47  4:10  Stalker  
  47  4:13  Probe x2  
  50  4:21  Probe  
  50  4:23  Forge  
  51  4:25  Probe  
  51  4:34  Immortal  
  51  4:35  Probe  
  50  4:42  Probe  
  50  4:44  Sentry  
  57  4:47  Probe  
  58  4:54  Probe  
  58  4:59  Probe  
  60  5:00  Protoss Ground Weapons Level 1  
  60  5:01  Pylon  
  60  5:05  Assimilator  
  61  5:07  Assimilator  
  61  5:11  Probe  
  62  5:17  Immortal  
  62  5:18  Probe  
  66  5:23  Probe  
  66  5:26  Pylon  
  67  5:31  Probe  
  68  5:37  Twilight Council  
  68  5:38  Gateway  
  66  5:43  Shield Battery  
  66  5:46  Probe  
  66  5:47  Probe  
  68  5:50  Immortal  
  72  6:02  Pylon  
  72  6:06  Gateway  
  72  6:09  Charge  
  72  6:14  Gateway, Dark Shrine  
  72  6:27  Pylon  
  72  6:28  Pylon  
  72  6:31  Observer, Gateway  
  72  6:32  Gateway  
  72  6:38  Gateway  
  72  6:43  Observer  
  72  6:45  Warp Prism  
  74  6:59  Zealot x3  
  80  7:08  Pylon  
  80  7:15  Immortal  
  80  7:32  Dark Templar  
  80  7:33  Zealot x3, Dark Templar x3  
  92  7:42  Archon  
  92  7:58  Zealot x4  
  100  8:01  Pylon  
  98  8:18  Zealot x6  
  109  8:26  Dark Templar x2  
  110  8:27  Observer  
  102  8:39  Dark Templar  
  102  8:40  Dark Templar x2  
  108  8:44  Dark Templar  
Tags
 
Add a new tag
Caveats
  • Supply blocks, unpowered buildings, or Contaminate may cause inaccurate times.
  • Supply counts are checked every 10 seconds.